 Dungeon Crawl Stone Soup version 0.18-a0-1443-ge8f1551 (webtiles) character file.

138 vonhedlund the Skirmisher (level 5, -4/51 HPs)
             Began as a Hill Orc Hunter on Feb 29, 2016.
             Slain by an ogre
             ... wielding a +0 giant club
              (14 damage)
             ... on level 4 of the Dungeon.
             The game lasted 00:11:56 (2417 turns).

vonhedlund the Skirmisher (Hill Orc Hunter)         Turns: 2417, Time: 00:11:57

Health: -4/51      AC:  3    Str: 16    XL:     5   Next: 21%
Magic:  5/5        EV: 11    Int: 11    God:
Gold:   119        SH:  0    Dex: 11    Spells: 0 memorised, 4 levels left

rFire  . . .     SeeInvis .     a - +4 short sword
rCold  . . .     Gourm    .     c - +0 leather armour
rNeg   . . .     Faith    .     (no shield)
rPois  .         Spirit   .     (no helmet)
rElec  .         Dismiss  .     (no cloak)
rCorr  .         Reflect  .     (no gloves)
SustAt .         Harm     .     (no boots)
MR     .....                    (no amulet)
Stlth  +.........               (no ring)
                                (no ring)

@: not resistant to hostile enchantments, very unstealthy
A: no striking features
a: no special abilities


You were on level 4 of the Dungeon.
You were not hungry.

You visited 1 branch of the dungeon, and saw 4 of its levels.

You collected 119 gold pieces.

Inventory:

Hand Weapons
 a - a +4 short sword (weapon)
 b - a +1 hand crossbow
Missiles
 d - 45 bolts
 g - 26 arrows
 l - 27 poisoned needles
Armour
 c - a +0 leather armour (worn)
Jewellery
 h - an uncursed ring of protection from fire {unknown}
 s - a cursed -3 ring of dexterity {unknown}
Scrolls
 i - a scroll of remove curse {unknown}
 k - a scroll of blinking {unknown}
Potions
 e - a potion of flight {unknown}
 j - 2 potions of heal wounds {unknown}
 n - a potion of ambrosia {unknown}
 o - 3 potions of curing {unknown}
 r - a potion of lignification {unknown}
 t - a potion of cure mutation {unknown}
 u - a potion of degeneration {unknown}
Comestibles
 f - a bread ration
 m - a meat ration
 p - 2 chunks of flesh
 q - a royal jelly
 v - a beef jerky


   Skills:
 + Level 6.3 Fighting
 - Level 3.6 Crossbows
 - Level 1.5 Dodging
 - Level 0.7 Stealth


You had 4 spell levels left.
You didn't know any spells.

Dungeon Overview and Level Annotations

Branches:
Dungeon (4/15)
 Temple: D:4-7

Altars:
Fedhas

Annotations:
D:2 Sigmund
D:3 Jano's ghost, amateur MiGl


Message History

The jackal bites you but does no damage.
You closely miss the jackal.
The jackal is heavily wounded.
The jackal misses you. The ogre hits you with a giant club!
The jackal barely misses you.
You hit the ogre.
The ogre is lightly wounded.
The jackal bites you but does no damage.
The ogre hits you with a giant club!
You hit the ogre.
The ogre is moderately wounded.
The jackal barely misses you. The ogre hits you with a giant club!
* * * LOW HITPOINT WARNING * * *
The jackal bites you.
* * * LOW HITPOINT WARNING * * *
You hit the ogre.
The ogre is heavily wounded.
The jackal bites you but does no damage.
The ogre hits you with a giant club!
You die...

## #... # ...## # # ...# #
## #.##.#..##.# +# .##
#..........# ... #.## #.##
.... ##.## #..## .....
##.#######...####...$.....#
##.............O@hh........+
#.#########...####...%.....
..# #..## ....... #.#
#######.## ...). #<#
#.......# ... #.# #.#####.#
#+# #.# #.# #.# #.#######.#
#.# #.# ###.# #.#.......#
#.# #.###...# ##.#.#


You could see an ogre and 2 jackals.

Vanquished Creatures
  A hound (D:4)
  Ijyb (D:2)
  3 adders (D:2)
  An ooze (D:1)
  A worm (D:1)
  A giant gecko (D:4)
  An orc (D:2)
  A ball python (D:3)
  2 giant cockroaches (D:2)
  4 goblins
  6 hobgoblins
  3 jackals
  2 quokkas (D:2)
  5 bats
  2 giant newts (D:2)
  5 kobolds
  7 rats
46 creatures vanquished.

Notes
Turn   | Place    | Note
--------------------------------------------------------------
     0 | D:1      | vonhedlund the Hill Orc Hunter began the quest for the Orb.
     0 | D:1      | Reached XP level 1. HP: 18/18 MP: 1/1
   403 | D:1      | Reached skill level 3 in Fighting
   408 | D:1      | Reached XP level 2. HP: 10/26 MP: 2/2
  1000 | D:2      | Reached skill level 4 in Fighting
  1031 | D:2      | Reached XP level 3. HP: 28/33 MP: 3/3
  1371 | D:2      | Noticed Ijyb
  1388 | D:2      | Killed Ijyb
  1388 | D:2      | Reached skill level 5 in Fighting
  1388 | D:2      | Reached XP level 4. HP: 22/42 MP: 4/4
  1485 | D:2      | Noticed Sigmund
  1795 | D:3      | Noticed Jano's ghost (amateur MiGl)
  2284 | D:4      | Found a blossoming altar of Fedhas.
  2355 | D:4      | Reached skill level 6 in Fighting
  2355 | D:4      | Reached XP level 5. HP: 38/51 MP: 5/5
  2369 | D:4      | Noticed an ogre
  2417 | D:4      | Slain by an ogre

Vault maps used:
D:1:      tarquinn_simple_flora_water_b
D:2:      kennysheep_generic_room_6, uniq_sigmund, uniq_iyjb
D:3:      nemelex_deck, uniq_terence
D:4:      cheibrodos_ashenzari_chains, kennysheep_mini,
          overflow_temple_1_default, nicolae_overflow_hidden_temple,
          serial_shops, shop, nicolae_shop_temple_entry_statues_fountains,
          first_bread, uniq_grinder

Skill      XL: |  1  2  3  4 |
---------------+-------------+-----
Fighting       | 3 4 5 6 |  6.3
Crossbows      | |  3.6
Dodging        | |  1.5
Stealth        | |  0.7

Action                   |  1- 3 |  4- 6 || total
-------------------------+-------+-------++-------
Melee: Short sword       |   100 |    30 ||   130
       Dagger            |       |    49 ||    49
 Fire: Hand crossbow     |    17 |     3 ||    20
 Stab: Sleeping          |     1 |       ||     1
  Eat: Chunk             |     1 |     4 ||     5
